 Dungeon Crawl Stone Soup version 0.31-a0-1-g4198be8af4 (webtiles) character file.

Game seed: 6201967244748166390

6562 ytrimaz the Blocker (level 11, -13/89 HPs)
             Began as a Gnoll Fighter on May 1, 2023.
             Was a Follower of Cheibriados.
             Killed from afar by a ynoxinul (16 damage)
             ... with an iron shot
             ... summoned by a kobold demonologist
             ... on level 10 of the Dungeon on May 2, 2023.
             The game lasted 00:11:16 (10766 turns).

ytrimaz the Blocker (Gnoll Fighter)                Turns: 10766, Time: 00:11:16

Health: -13/89     AC: 16    Str: 17      XL:     11   Next: 1%
Magic:  20/20      EV: 11    Int: 14      God:    Cheibriados [*.....]
Gold:   1077       SH:  6    Dex: 13 (14) Spells: 22/22 levels left

rFire   + + .        v - +1 war axe (elec)
rCold   . . .        c - +0 buckler
rNeg    . . .        w - +4 scale mail of Ylatygist {rF++ Stlth+}
rPois   +            r - +0 helmet
rElec   .            y - +0 cloak
rCorr   +            s - +0 pair of gloves
SInv    .            (no boots)
Will    .....        (no amulet)
Stlth   ++           u - ring of poison resistance
HPRegen 0.34/turn    q - ring of resist corrosion
MPRegen 0.17/turn

%: no passive effects
@: very slow
A: fangs 1, strong nose, distributed training
a: Renounce Religion, Bend Time


You were on level 10 of the Dungeon.
You worshipped Cheibriados.
Cheibriados was aware of your devotion.
You visited 2 branches of the dungeon, and saw 11 of its levels.
You also visited: Sewer.

You collected 1077 gold pieces.


Innate Abilities, Weirdness & Mutations

You have very sharp teeth.
Your uncanny sense of smell can sniff out nearby items.
Your experience applies equally to all skills.


   Skills:
 + Level 9.0 Fighting
 + Level 6.0 Short Blades
 + Level 6.0 Long Blades
 + Level 7.6 Axes
 + Level 6.0 Maces & Flails
 + Level 6.0 Polearms
 + Level 6.0 Staves
 + Level 6.0 Ranged Weapons
 + Level 6.0 Throwing
 + Level 9.0 Armour
 + Level 6.0 Dodging
 + Level 6.0 Stealth
 + Level 9.0 Shields
 + Level 6.0 Unarmed Combat
 + Level 6.0 Spellcasting
 + Level 5.0 Conjurations
 + Level 5.0 Hexes
 + Level 5.0 Summonings
 + Level 5.0 Necromancy
 + Level 5.0 Translocations
 + Level 5.0 Transmutations
 + Level 5.0 Fire Magic
 + Level 5.0 Ice Magic
 + Level 5.0 Air Magic
 + Level 5.0 Earth Magic
 + Level 5.0 Poison Magic
 + Level 6.6 Invocations
 + Level 6.0 Evocations


You had 22 spell levels left.
You didn't know any spells.
Your spell library contained the following spells:

 Spells                   Type           Power      Damage    Failure   Level
 Foxfire                  Conj/Fire      72%        2x1d7     7%          1
 Inner Flame              Hex/Fire       18%        N/A       21%         3
 Stone Arrow              Conj/Erth      36%        3d9       21%         3
 Animate Armour           Summ/Erth      36%        N/A       56%         4
 Flame Wave               Conj/Fire      18%        2d7       56%         4
 Sticky Flame             Conj/Fire      18%        2d4       56%         4
 Fireball                 Conj/Fire      9%         3d6       88%         5
 Iskenderun's Battlesphe  Conj           18%        2d7       88%         5
 Summon Forest            Summ/Tloc      9%         N/A       88%         5
 Eringya's Noxious Bog    Tmut/Pois      9%         N/A       100%        6
 Iron Shot                Conj/Erth      9%         9d3       100%        6
 Plasma Beam              Fire/Air       9%         2x1d21    100%        6
 Starburst                Conj/Fire      9%         6d5       100%        6
 Spellforged Servitor     Conj/Summ      9%         N/A       100%        7
 Summon Hydra             Summ           9%         N/A       100%        7
 Lehudib's Crystal Spear  Conj/Erth      9%         10d4      100%        8

Inventory:

Hand Weapons
 a - a +0 heavy war axe
 v - a +1 war axe of electrocution (weapon)
   (You found it on level 7 of the Dungeon)
Armour
 c - a +0 buckler (worn)
 r - a +0 helmet (worn)
   (You took it off Robin on level 3 of the Dungeon)
 s - a +0 pair of gloves (worn)
   (You found it on level 1 of the Dungeon)
 w - the +4 scale mail of Ylatygist (worn) {rF++ Stlth+}
   (You found it on level 8 of the Dungeon)

   rF:        It greatly protects you from fire.
   Stlth:     It makes you more stealthy.
 x - a +0 plate armour
   (You took it off an orc warrior on level 7 of the Dungeon)
 y - a +0 cloak (worn)
   (You took it off Maurice on level 9 of the Dungeon)
Jewellery
 g - a ring of magical power
   (You found it on level 3 of the Dungeon)
 q - a ring of resist corrosion (right hand)
   (You took it off an orc priest on level 3 of the Dungeon)
 u - a ring of poison resistance (left hand)
   (You found it on level 5 of the Dungeon)
Wands
 m - a wand of flame (6)
   (You found it on level 9 of the Dungeon)
 t - a wand of roots (1) (quivered)
   (You took it off a gnoll on level 5 of the Dungeon)
Scrolls
 b - 2 scrolls of fog
 f - 3 scrolls of teleportation
 h - 2 scrolls of noise
 i - a scroll of enchant armour
 k - 3 scrolls of vulnerability
 n - a scroll of amnesia
Potions
 d - 3 potions of might
 e - 4 potions of mutation
 j - a potion of attraction
 l - 2 potions of invisibility
 o - 2 potions of haste
 p - 3 potions of resistance

Dungeon Overview and Level Annotations

Branches:
Dungeon (10/15) Zot: 40225  Temple (1/1) D:5 Zot: 8969    Lair (0/5) D:8
  Sewer (visited)
    Orc: D:9-12

Altars:
Ashenzari
Cheibriados
Dithmenos
Elyvilon
Fedhas
Gozag
Hepliaklqana
Kikubaaqudgha
Makhleb
Okawaru
Qazlal
Ru
Sif Muna
Trog
Vehumet
Wu Jian
Xom
Yredelemnul
Zin
The Shining One

Shops:
D:7 (   D:9 [

Portals:
Bailey: D:10

#.... #..<.##. ...
#....... ..... ...≈~~
.....###.~≈####
.........5~≈#.∩#
........5553≈5..#
...?.....$554@(..#
............5K53).#
#.............5≈#.>#
+............$~≈####
#.............~~~~~~
#....................
#....................
#.........######.....
#.........#....######


You could see a sun demon (summoned), an ice devil (summoned), a kobold
demonologist, a ynoxinul (summoned), 2 crimson imps, a white imp (summoned) and
7 ufetubi.


Message History

Moving in this stuff is going to be slow.
The quasit splashes around in the water.
The quasit barely misses you. The quasit claws you.
You feel clumsy. The quasit bites you.
The quasit claws you but does no damage.
You block the quasit's attack.
Things that are here:
a boomerang; a goblin corpse; 😕 HP[-2]
You take 2 damage, and now have 81/89 hp.
Unknown command.
Your unstable footing causes you to fumble your attack.
The kobold demonologist hits you but does no damage.
The quasit splashes around in the water. x2
The quasit misses you.
You closely miss the kobold demonologist.
You slash the ice devil!
Lightning courses through the ice devil!
You hit the quasit. You block the quasit's attack.
The quasit closely misses you. x2
The kobold demonologist hits you with a +0 dagger.
The quasit barely misses you.
The quasit splashes around in the water. x2
The kobold demonologist mumbles some strange words.
The ice devil hits you but does no damage. 😕 HP[-5]
You take 5 damage, and now have 76/89 hp.
Unknown command.
You completely miss the kobold demonologist.
You hit the quasit. You hit the ice devil but do no damage.
The quasit splashes around in the water.
You block the quasit's attack.
The quasit splashes around in the water.
The kobold demonologist mumbles some strange words.
The ice devil hits you but does no damage.
The ynoxinul gestures.
The quasit bites you but does no damage.
The quasit splashes around in the water. x2 😕 HP[+1]
You slash the kobold demonologist!
Lightning courses through the kobold demonologist!
You hit the ice devil. You closely miss the quasit.
You closely miss the sun demon.
The quasit bites you but does no damage.
The quasit splashes around in the water.
The quasit barely misses you.
You block the kobold demonologist's attack.
The sun demon hits you!
You are engulfed in flames.
You resist.
The ice devil hits you but does no damage. 😮 HP[-14]
You take 14 damage, and now have 63/89 hp.
Unknown command.
Your unstable footing causes you to fumble your attack.
The quasit closely misses you. The quasit misses you.
The quasit barely misses you. The sun demon closely misses you.
You block the kobold demonologist's attack.
The ynoxinul gestures.
The ice devil hits you. The ice devil freezes you!!
* * * LOW HITPOINT WARNING * * *
The quasit closely misses you. The quasit barely misses you.
The quasit splashes around in the water. 😨 HP[-26]
You take 26 damage, and now have 37/89 hp.
MASSIVE DAMAGE!! (PAUSE)
Your unstable footing causes you to fumble your attack.
The sun demon hits you!
* * * LOW HITPOINT WARNING * * *
You are engulfed in flames.
You resist.
* * * LOW HITPOINT WARNING * * *
The kobold demonologist looks braver for a moment.
The ice devil closely misses you.
The ynoxinul gestures.
You block the quasit's attack. The quasit barely misses you.
The quasit claws you but does no damage.
The sun demon hits you!
* * * LOW HITPOINT WARNING * * *
You are engulfed in flames.
You resist.
* * * LOW HITPOINT WARNING * * *
The kobold demonologist mumbles some strange words.
The ice devil hits you but does no damage. 😱 HP[-34]
You take 34 damage, and now have 3/89 hp.
MASSIVE DAMAGE!! (PAUSE) Unknown command.
Aiming: Fastroot
Press: ? - help, Q - select action, (/) - cycle Shift-Dir - straight line
Okay, then.
Unknown command.
You barely miss the kobold demonologist.
Your bite misses the kobold demonologist.
You closely miss the quasit. You barely miss the crimson imp.
You barely miss the sun demon. You hit the ynoxinul but do no damage.
You hit the ice devil.
The quasit disappears in a puff of smoke!
The sun demon closely misses you.
The kobold demonologist barely misses you.
You block the crimson imp's attack. The ynoxinul gestures at you.
The iron shot hits you!
You die...

Skill      XL: |  1  2  3  4  5  6  7  8  9 10 |
---------------+-------------------------------+-----
Invocations    | 1 2 3 4 5 6 |  6.6
Short Blades   | 1 2 3 4 5 6 |  6.0
Long Blades    | 1 2 3 4 5 6 |  6.0
Maces & Flails | 1 2 3 4 5 6 |  6.0
Polearms       | 1 2 3 4 5 6 |  6.0
Staves         | 1 2 3 4 5 6 |  6.0
Ranged Weapons | 1 2 3 4 5 6 |  6.0
Throwing       | 1 2 3 4 5 6 |  6.0
Dodging        | 1 2 3 4 5 6 |  6.0
Stealth        | 1 2 3 4 5 6 |  6.0
Unarmed Combat | 1 2 3 4 5 6 |  6.0
Spellcasting   | 1 2 3 4 5 6 |  6.0
Evocations     | 1 2 3 4 5 6 |  6.0
Conjurations   | 1 2 3 4 5 |  5.0
Hexes          | 1 2 3 4 5 |  5.0
Summonings     | 1 2 3 4 5 |  5.0
Necromancy     | 1 2 3 4 5 |  5.0
Translocations | 1 2 3 4 5 |  5.0
Transmutations | 1 2 3 4 5 |  5.0
Fire Magic     | 1 2 3 4 5 |  5.0
Ice Magic      | 1 2 3 4 5 |  5.0
Air Magic      | 1 2 3 4 5 |  5.0
Earth Magic    | 1 2 3 4 5 |  5.0
Poison Magic   | 1 2 3 4 5 |  5.0
Axes           | 5 6 7 |  7.6
Fighting       | 7 8 9 |  9.0
Armour         | 7 8 9 |  9.0
Shields        | 7 8 9 |  9.0

Action                     |  1- 3 |  4- 6 |  7- 9 | 10-12 || total
---------------------------+-------+-------+-------+-------++-------
  Melee: War axe           |    51 |   149 |   384 |   161 ||   745
         Bite              |     4 |    13 |    30 |    13 ||    60
  Evoke: Wand              |       |       |       |     8 ||     8
    Use: Scroll            |     7 |     3 |     7 |     4 ||    21
         Potion            |       |       |     3 |     3 ||     6
   Stab: Sleeping          |       |       |     1 |     1 ||     2
 Armour: Scale mail        |    33 |   111 |   299 |   110 ||   553
         Plate armour      |       |       |    76 |    70 ||   146
  Dodge: Dodged            |    35 |   102 |   315 |   141 ||   593
  Block: Buckler           |    18 |    64 |   191 |    75 ||   348

Levels and vault maps discovered:
D:1:      dpeg_arrival_shrine, layout_rooms
D:2:      layout_basic, hellmonk_ecumenical_altar_the_god_not_taken, basic_altar
D:3:      layout_basic, grunt_qazlal_clouds, nicolae_dithmenos_the_darkroom,
          uniq_natasha, uniq_robin, uniq_jessica
D:4:      minmay_recursive_quarters, layout_rooms, gup_sewer_entry_pipe,
          hellmonk_no_cap
D:5:      layout_basic, mainiacjoe_overflow_boulevard, led_xom_imps,
          mainiacjoe_overflow_small_starburst,
          mainiacjoe_overflow_six_doors_small, minmay_temple_entry_trees
D:6:      layout_gridville, ashenzari_altar_1
D:7:      layout_basic, mainiacjoe_overflow_chevrons, okawaru_metal_pillars_1_2,
          nicolae_shop_firing_range
D:8:      layout_gridville, makhleb_altar_promises_db, dpeg_oklobed_lair,
          due_unseen_surprise, uniq_amaemon
D:9:      layout_loops_ring, kennysheep_mini, mainiacjoe_overflow_catwalk,
          serial_shops, nicolae_shop_statue_plus, uniq_maurice
D:10:     layout_gridville, mainiacjoe_overflow_surrounded_room,
          kennysheep_little_box, gammafunk_ghost_cemetery, enter_bailey_4,
          uniq_erolcha, uniq_harold
Temple:   hellmonk_temple_two_chambers

Notes
Turn   | Place    | Note
-------+----------+-------------------------------------------
     0 | D:1      | ytrimaz the Gnoll Fighter began the quest for the Orb.
     0 | D:1      | Reached XP level 1. HP: 23/23 MP: 1/1
     0 | D:1      | magus.rc [v1.9.6]
   127 | D:1      | Reached XP level 2. HP: 29/29 MP: 2/2
   609 | D:2      | Reached skill level 1 in Invocations
   609 | D:2      | Reached XP level 3. HP: 25/35 MP: 2/4
   692 | D:2      | Reached skill level 1 in Short Blades
   692 | D:2      | Reached skill level 1 in Long Blades
   692 | D:2      | Reached skill level 1 in Maces & Flails
   692 | D:2      | Reached skill level 1 in Polearms
   692 | D:2      | Reached skill level 1 in Staves
   692 | D:2      | Reached skill level 1 in Ranged Weapons
   692 | D:2      | Reached skill level 1 in Throwing
   692 | D:2      | Reached skill level 1 in Dodging
   692 | D:2      | Reached skill level 1 in Stealth
   692 | D:2      | Reached skill level 1 in Unarmed Combat
   692 | D:2      | Reached skill level 1 in Spellcasting
   692 | D:2      | Reached skill level 1 in Evocations
   769 | D:2      | Found an opulent altar of Gozag.
   793 | D:2      | Reached XP level 4. HP: 41/41 MP: 5/5
   925 | D:2      | Reached skill level 1 in Conjurations
   925 | D:2      | Reached skill level 1 in Hexes
   925 | D:2      | Reached skill level 1 in Summonings
   925 | D:2      | Reached skill level 1 in Necromancy
   925 | D:2      | Reached skill level 1 in Translocations
   925 | D:2      | Reached skill level 1 in Transmutations
   925 | D:2      | Reached skill level 1 in Fire Magic
   925 | D:2      | Reached skill level 1 in Ice Magic
   925 | D:2      | Reached skill level 1 in Air Magic
   925 | D:2      | Reached skill level 1 in Earth Magic
   925 | D:2      | Reached skill level 1 in Poison Magic
  1028 | D:2      | Found a faded altar of an unknown god.
  1035 | D:2      | Found a faded altar of an unknown god.
  1505 | D:3      | Found a shadowy altar of Dithmenos.
  1509 | D:3      | Noticed Jessica
  1515 | D:3      | Killed Jessica
  1516 | D:3      | Reached XP level 5. HP: 40/42 MP: 7/7
  1524 | D:3      | Noticed Robin
  1531 | D:3      | Killed Robin
  1659 | D:3      | Found a stormy altar of Qazlal.
  1766 | D:3      | Noticed Natasha
  1773 | D:3      | Killed Natasha
  1844 | D:3      | Noticed Natasha
  1849 | D:3      | Killed Natasha
  1850 | D:3      | Reached skill level 2 in Invocations
  1863 | D:3      | Noticed Natasha
  1869 | D:3      | Killed Natasha
  1870 | D:3      | Reached XP level 6. HP: 53/53 MP: 8/8
  1927 | D:3      | Reached skill level 2 in Short Blades
  1927 | D:3      | Reached skill level 2 in Long Blades
  1927 | D:3      | Reached skill level 5 in Axes
  1927 | D:3      | Reached skill level 2 in Maces & Flails
  1927 | D:3      | Reached skill level 2 in Polearms
  1927 | D:3      | Reached skill level 2 in Staves
  1927 | D:3      | Reached skill level 2 in Ranged Weapons
  1927 | D:3      | Reached skill level 2 in Throwing
  1927 | D:3      | Reached skill level 2 in Dodging
  1927 | D:3      | Reached skill level 2 in Stealth
  1927 | D:3      | Reached skill level 2 in Unarmed Combat
  1927 | D:3      | Reached skill level 2 in Spellcasting
  1927 | D:3      | Reached skill level 2 in Evocations
  2938 | D:4      | You pick up a book of Armaments and begin reading...
  2938 | D:4      | You add the spells Stone Arrow, Animate Armour and
                  | Lehudib's Crystal Spear to your library.
  2969 | D:4      | Reached skill level 7 in Fighting
  2969 | D:4      | Reached skill level 7 in Armour
  2969 | D:4      | Reached skill level 7 in Shields
  2969 | D:4      | Reached XP level 7. HP: 44/60 MP: 10/10
  3045 | D:4      | Reached skill level 2 in Conjurations
  3045 | D:4      | Reached skill level 2 in Hexes
  3045 | D:4      | Reached skill level 2 in Summonings
  3045 | D:4      | Reached skill level 2 in Necromancy
  3045 | D:4      | Reached skill level 2 in Translocations
  3045 | D:4      | Reached skill level 2 in Transmutations
  3045 | D:4      | Reached skill level 2 in Fire Magic
  3045 | D:4      | Reached skill level 2 in Ice Magic
  3045 | D:4      | Reached skill level 2 in Air Magic
  3045 | D:4      | Reached skill level 2 in Earth Magic
  3045 | D:4      | Reached skill level 2 in Poison Magic
  3111 | D:4      | HP: 12/60 [orc wizard/puff of flame (6)]
  3117 | D:4      | HP: 14/60 [adder (2)]
  3121 | D:4      | HP: 5/60 [poisoned by an adder]
  3401 | D:4      | Found a glowing drain.
  3417 | D:4      | Reached skill level 3 in Invocations
  3419 | Sewer    | Entered a sewer
  3947 | Sewer    | Reached skill level 3 in Short Blades
  3947 | Sewer    | Reached skill level 3 in Long Blades
  3947 | Sewer    | Reached skill level 3 in Maces & Flails
  3947 | Sewer    | Reached skill level 3 in Polearms
  3947 | Sewer    | Reached skill level 3 in Staves
  3947 | Sewer    | Reached skill level 3 in Ranged Weapons
  3947 | Sewer    | Reached skill level 3 in Throwing
  3947 | Sewer    | Reached skill level 3 in Dodging
  3947 | Sewer    | Reached skill level 3 in Stealth
  3947 | Sewer    | Reached skill level 3 in Unarmed Combat
  3947 | Sewer    | Reached skill level 3 in Spellcasting
  3947 | Sewer    | Reached skill level 3 in Evocations
  3947 | Sewer    | Reached XP level 8. HP: 46/67 MP: 12/12
  4290 | D:4      | You add the spells Summon Forest, Eringya's Noxious Bog and
                  | Summon Hydra to your library.
  4574 | D:4      | Identified a scroll of acquirement
  4575 | D:4      | Acquired 589 gold pieces
  4593 | D:5      | Entered Level 5 of the Dungeon
  4691 | D:5      | Found an opulent altar of Gozag.
  4740 | D:5      | Found a glowing silver altar of Zin.
  4806 | D:5      | Reached skill level 4 in Invocations
  4808 | D:5      | Reached skill level 3 in Conjurations
  4808 | D:5      | Reached skill level 3 in Hexes
  4808 | D:5      | Reached skill level 3 in Summonings
  4808 | D:5      | Reached skill level 3 in Necromancy
  4808 | D:5      | Reached skill level 3 in Translocations
  4808 | D:5      | Reached skill level 3 in Transmutations
  4808 | D:5      | Reached skill level 3 in Fire Magic
  4808 | D:5      | Reached skill level 3 in Ice Magic
  4808 | D:5      | Reached skill level 3 in Air Magic
  4808 | D:5      | Reached skill level 3 in Earth Magic
  4808 | D:5      | Reached skill level 3 in Poison Magic
  4809 | D:5      | HP: 16/67 [hound (3)]
  4813 | D:5      | Reached skill level 6 in Axes
  5055 | D:5      | Found a shimmering altar of Xom.
  5193 | D:5      | Reached skill level 4 in Short Blades
  5193 | D:5      | Reached skill level 4 in Long Blades
  5193 | D:5      | Reached skill level 4 in Maces & Flails
  5193 | D:5      | Reached skill level 4 in Polearms
  5193 | D:5      | Reached skill level 4 in Staves
  5193 | D:5      | Reached skill level 4 in Ranged Weapons
  5193 | D:5      | Reached skill level 4 in Throwing
  5193 | D:5      | Reached skill level 4 in Dodging
  5193 | D:5      | Reached skill level 4 in Stealth
  5193 | D:5      | Reached skill level 4 in Unarmed Combat
  5193 | D:5      | Reached skill level 4 in Spellcasting
  5193 | D:5      | Reached skill level 4 in Evocations
  5193 | D:5      | Reached XP level 9. HP: 52/73 MP: 15/15
  5332 | D:5      | Found a sacrificial altar of Ru.
  5530 | D:5      | Found a staircase to the Ecumenical Temple.
  5545 | Temple   | Entered the Ecumenical Temple
  6292 | D:6      | Found a broken altar of Ashenzari.
  6537 | D:7      | Found Zozxa's Firing Range.
  6562 | D:7      | Reached skill level 8 in Fighting
  6562 | D:7      | Reached skill level 8 in Armour
  6562 | D:7      | Reached skill level 8 in Shields
  6614 | D:7      | You pick up a book of Power and begin reading...
  6614 | D:7      | You add the spells Iskenderun's Battlesphere, Iron Shot and
                  | Spellforged Servitor to your library.
  6637 | D:7      | HP: 16/74 [orc warrior/+0 mace (7)]
  6641 | D:7      | Reached skill level 5 in Invocations
  6913 | D:7      | HP: 18/74 [poisoned by a gnoll sergeant]
  7150 | D:7      | Found an iron altar of Okawaru.
  7338 | D:7      | Found a bloodstained altar of Trog.
  7536 | D:7      | You pick up a book of Fire and begin reading...
  7536 | D:7      | You add the spells Foxfire, Fireball, Plasma Beam and
                  | Starburst to your library.
  7970 | D:7      | magus.rc [v1.9.6]
  8111 | D:8      | Reached skill level 4 in Conjurations
  8111 | D:8      | Reached skill level 4 in Hexes
  8111 | D:8      | Reached skill level 4 in Summonings
  8111 | D:8      | Reached skill level 4 in Necromancy
  8111 | D:8      | Reached skill level 4 in Translocations
  8111 | D:8      | Reached skill level 4 in Transmutations
  8111 | D:8      | Reached skill level 4 in Fire Magic
  8111 | D:8      | Reached skill level 4 in Ice Magic
  8111 | D:8      | Reached skill level 4 in Air Magic
  8111 | D:8      | Reached skill level 4 in Earth Magic
  8111 | D:8      | Reached skill level 4 in Poison Magic
  8137 | D:8      | You pick up a book of Flames and begin reading...
  8137 | D:8      | You add the spells Inner Flame, Sticky Flame and Flame Wave
                  | to your library.
  8173 | D:8      | Found a staircase to the Lair.
  8272 | D:8      | Noticed a hornet
  8284 | D:8      | Killed a hornet
  8285 | D:8      | Reached skill level 5 in Short Blades
  8285 | D:8      | Reached skill level 5 in Long Blades
  8285 | D:8      | Reached skill level 5 in Maces & Flails
  8285 | D:8      | Reached skill level 5 in Polearms
  8285 | D:8      | Reached skill level 5 in Staves
  8285 | D:8      | Reached skill level 5 in Ranged Weapons
  8285 | D:8      | Reached skill level 5 in Throwing
  8285 | D:8      | Reached skill level 5 in Dodging
  8285 | D:8      | Reached skill level 5 in Stealth
  8285 | D:8      | Reached skill level 5 in Unarmed Combat
  8285 | D:8      | Reached skill level 5 in Spellcasting
  8285 | D:8      | Reached skill level 5 in Evocations
  8285 | D:8      | Reached XP level 10. HP: 49/81 MP: 17/17
  8491 | D:8      | Noticed Amaemon
  8491 | D:8      | Noticed an orange demon
  8503 | D:8      | HP: 18/81 [poisoned by Amaemon]
  8508 | D:7      | HP: 7/81 [poisoned by Amaemon]
  8513 | D:7      | HP: 4/81 [poisoned by Amaemon]
  9051 | D:8      | Found a burning altar of Makhleb.
  9051 | D:8      | Noticed a green death
  9054 | D:8      | Noticed a smoke demon
  9174 | D:8      | Identified the +4 scale mail of Ylatygist {rF++ Stlth+}
  9242 | D:8      | Reached skill level 7 in Axes
  9283 | D:8      | Killed Amaemon
  9289 | D:8      | Killed an orange demon
  9554 | D:9      | Noticed a centaur warrior
  9558 | D:9      | Reached skill level 6 in Invocations
  9570 | D:9      | Killed a centaur warrior
  9876 | D:9      | Found Fismac's Antique Armour Shop.
  9959 | D:9      | Found a snail-covered altar of Cheibriados.
  9969 | D:9      | Became a worshipper of Cheibriados the Contemplative
 10080 | D:9      | Noticed Maurice
 10095 | D:9      | Paralysed by something for 3 turns
 10102 | D:9      | Killed Maurice
 10230 | D:9      | Found a hazy altar of Hepliaklqana.
 10516 | D:10     | Entered Level 10 of the Dungeon
 10527 | D:10     | HP: 20/82 [yak (10)]
 10532 | D:10     | HP: 2/82 [yak (11)]
 10544 | D:10     | Reached skill level 9 in Fighting
 10544 | D:10     | Reached skill level 6 in Short Blades
 10544 | D:10     | Reached skill level 6 in Long Blades
 10544 | D:10     | Reached skill level 6 in Maces & Flails
 10544 | D:10     | Reached skill level 6 in Polearms
 10544 | D:10     | Reached skill level 6 in Staves
 10544 | D:10     | Reached skill level 6 in Ranged Weapons
 10544 | D:10     | Reached skill level 6 in Throwing
 10544 | D:10     | Reached skill level 9 in Armour
 10544 | D:10     | Reached skill level 6 in Dodging
 10544 | D:10     | Reached skill level 6 in Stealth
 10544 | D:10     | Reached skill level 9 in Shields
 10544 | D:10     | Reached skill level 6 in Unarmed Combat
 10544 | D:10     | Reached skill level 6 in Spellcasting
 10544 | D:10     | Reached skill level 6 in Evocations
 10547 | D:10     | Reached skill level 5 in Conjurations
 10547 | D:10     | Reached skill level 5 in Hexes
 10547 | D:10     | Reached skill level 5 in Summonings
 10547 | D:10     | Reached skill level 5 in Necromancy
 10547 | D:10     | Reached skill level 5 in Translocations
 10547 | D:10     | Reached skill level 5 in Transmutations
 10547 | D:10     | Reached skill level 5 in Fire Magic
 10547 | D:10     | Reached skill level 5 in Ice Magic
 10547 | D:10     | Reached skill level 5 in Air Magic
 10547 | D:10     | Reached skill level 5 in Earth Magic
 10547 | D:10     | Reached skill level 5 in Poison Magic
 10547 | D:10     | Reached XP level 11. HP: 8/89 MP: 18/20
 10743 | D:10     | Found a flagged portal.
 10756 | D:10     | Reached * piety under Cheibriados
 10763 | D:10     | Noticed a sun demon
 10765 | D:10     | HP: 20/89 [sun demon[a kobold demonologist] (17)]
 10765 | D:10     | HP: 6/89 [sun demon[a kobold demonologist] (9)]
 10766 | D:10     | Killed from afar by a ynoxinul

Vanquished Creatures
  A centaur warrior (D:9)
  Amaemon (D:8)
  Maurice (D:9)
  An orange demon (D:8)
  A hornet (D:8)
  5 yaks (D:10)
  A steam dragon (D:8)
  3 water moccasins
  2 sky beasts (D:6)
  2 ice beasts (D:7)
  An orc warrior (D:7)
  3 black bears
  An ogre (D:5)
  3 centaurs
  3 phantoms
  5 kobold brigands
  A gnoll sergeant (D:7)
  2 scorpions (D:4)
  4 killer bees (D:9)
  3 crimson imps (D:5)
  A jelly (D:6)
  7 orc priests
  5 hounds
  2 sleepcaps
  Jessica (D:3)
  Natasha (thrice) (D:3)
  9 orc wizards
  Robin (D:3)
  12 gnolls
  15 adders
  10 river rats (Sewer)
  An ufetubus (D:5)
  A worm (D:4)
  3 dart slugs
  51 orcs
  5 endoplasms
  4 giant cockroaches
  9 hobgoblins
  10 quokkas
  12 ball pythons
  7 bats
  16 goblins
  48 kobolds
  22 rats
299 creatures vanquished.

Vanquished Creatures (others)
  4 fungi
  8 plants
12 creatures vanquished.

Grand Total: 311 creatures vanquished

Table legend:
 A = Non-vault XP
 B = Vault XP
 C = Vault XP percentage of total XP
 D = Non-vault monster count
 E = Vault monster count
 F = Vault count percentage of total count
                 A         B        C        D         E       F
            +---------+---------+-------+---------+---------+-------
      Total |    7044 |    2331 |  24.9 |     207 |      92 |  30.8
            +---------+---------+-------+---------+---------+-------
        D:1 |      20 |       0 |   0.0 |      13 |       0 |   0.0
        D:2 |     123 |       0 |   0.0 |      15 |       0 |   0.0
        D:3 |     237 |     109 |  31.5 |      34 |      13 |  27.7
        D:4 |     523 |      62 |  10.6 |      29 |      13 |  31.0
        D:5 |    1078 |     142 |  11.6 |      24 |       3 |  11.1
        D:6 |     482 |       0 |   0.0 |       7 |       0 |   0.0
        D:7 |    1011 |       0 |   0.0 |      28 |       0 |   0.0
        D:8 |     970 |    1184 |  55.0 |      21 |       2 |   8.7
        D:9 |    1458 |     480 |  24.8 |      30 |       1 |   3.2
       D:10 |    1142 |       9 |   0.8 |       6 |       5 |  45.5
      Sewer |       0 |     345 | 100.0 |       0 |      55 | 100.0
            +---------+---------+-------+---------+---------+-------

Skill      XL: |  1  2  3  4  5  6  7  8  9 10 |
---------------+-------------------------------+-----
Invocations    | 1 2 3 4 5 6 |  6.6
Short Blades   | 1 2 3 4 5 6 |  6.0
Long Blades    | 1 2 3 4 5 6 |  6.0
Maces & Flails | 1 2 3 4 5 6 |  6.0
Polearms       | 1 2 3 4 5 6 |  6.0
Staves         | 1 2 3 4 5 6 |  6.0
Ranged Weapons | 1 2 3 4 5 6 |  6.0
Throwing       | 1 2 3 4 5 6 |  6.0
Dodging        | 1 2 3 4 5 6 |  6.0
Stealth        | 1 2 3 4 5 6 |  6.0
Unarmed Combat | 1 2 3 4 5 6 |  6.0
Spellcasting   | 1 2 3 4 5 6 |  6.0
Evocations     | 1 2 3 4 5 6 |  6.0
Conjurations   | 1 2 3 4 5 |  5.0
Hexes          | 1 2 3 4 5 |  5.0
Summonings     | 1 2 3 4 5 |  5.0
Necromancy     | 1 2 3 4 5 |  5.0
Translocations | 1 2 3 4 5 |  5.0
Transmutations | 1 2 3 4 5 |  5.0
Fire Magic     | 1 2 3 4 5 |  5.0
Ice Magic      | 1 2 3 4 5 |  5.0
Air Magic      | 1 2 3 4 5 |  5.0
Earth Magic    | 1 2 3 4 5 |  5.0
Poison Magic   | 1 2 3 4 5 |  5.0
Axes           | 5 6 7 |  7.6
Fighting       | 7 8 9 |  9.0
Armour         | 7 8 9 |  9.0
Shields        | 7 8 9 |  9.0

Action                     |  1- 3 |  4- 6 |  7- 9 | 10-12 || total
---------------------------+-------+-------+-------+-------++-------
  Melee: War axe           |    51 |   149 |   384 |   161 ||   745
         Bite              |     4 |    13 |    30 |    13 ||    60
  Evoke: Wand              |       |       |       |     8 ||     8
    Use: Scroll            |     7 |     3 |     7 |     4 ||    21
         Potion            |       |       |     3 |     3 ||     6
   Stab: Sleeping          |       |       |     1 |     1 ||     2
 Armour: Scale mail        |    33 |   111 |   299 |   110 ||   553
         Plate armour      |       |       |    76 |    70 ||   146
  Dodge: Dodged            |    35 |   102 |   315 |   141 ||   593
  Block: Buckler           |    18 |    64 |   191 |    75 ||   348

Illustrated notes

Table legend:
 A = Kills in this place as a percentage of kills in the entire game.
 B = Kills by you in this place as a percentage of kills by you in the entire game.
 C = Kills by friends in this place as a percentage of kills by friends in the entire game.
 D = Other kills in this place as a percentage of other kills in the entire game.
 E = Experience gained in this place as a percentage of experience gained in the entire game.
 F = Experience gained in this place divided by the number of levels of this place that you have seen.
                   A       B       C       D       E      F
               +-------+-------+-------+-------+-------+----------------------
         Total | 100.0 | 100.0 |   N/A |   N/A | 100.0 | 781.2
       Dungeon |  81.6 |  81.6 |   N/A |   N/A |  96.3 | 903.0
         Sewer |  18.4 |  18.4 |   N/A |   N/A |   3.7 | 345.0
               +-------+-------+-------+-------+-------+----------------------

Table legend: (Time is in decaauts)
 A = Elapsed time spent in this place.
 B = Non-inter-level travel time spent in this place.
 C = Inter-level travel time spent in this place.
 D = Time resting spent in this place.
 E = Time spent auto-exploring this place.
 F = Levels seen in this place.
 G = Mean time per level.
                   A        B        C        D        E       F      G
               +--------+--------+--------+--------+--------+-----+--------+
         Total |  11393 |  10781 |    612 |    642 |   7848 |  12 |  949.4 |
       Dungeon |  10549 |   9941 |    608 |    642 |   7279 |  10 | 1054.9 |
        Temple |     20 |     16 |      4 |      0 |     11 |   1 |   20.0 |
         Sewer |    823 |    823 |      0 |      0 |    558 |   1 |  823.0 |
               +--------+--------+--------+--------+--------+-----+--------+

Top non-repeatable levels by time:
     D:7: 1751 daAuts
     D:3: 1584 daAuts
     D:8: 1261 daAuts
     D:5: 1233 daAuts
     D:9: 1153 daAuts
     D:4: 1041 daAuts
   Sewer: 823 daAuts
     D:2: 812 daAuts
     D:6: 784 daAuts
     D:1: 653 daAuts
    D:10: 273 daAuts
  Temple: 20 daAuts
